[Event "13th Arad Open 2020"]
[Site "Arad"]
[Date "2020.09.26"]
[Round "1.1"]
[White "Solodovnichenko, Yuri"]
[Black "Tablan, Matei-Christian"]
[Result "1-0"]
[ECO "B40"]
[WhiteElo "2553"]
[BlackElo "1882"]
[Annotator "ChessBase"]
[PlyCount "93"]
[EventDate "2020.09.25"]
[EventType "swiss"]
[EventCountry "ROU"]
[SourceTitle "playchess.com"]
[Source "ChessBase"]
[SourceQuality "1"]
[TimeControl "5400+30"]

1. e4 c5 2. Nf3 e6 3. g3 Nc6 4. Bg2 g6 5. d4 Bg7 6. dxc5 Qa5+ 7. c3 Qxc5 8. O-O Nge7 9. Be3 Qa5 10. Qd6 Bf8 11. Qd3 a6 12. Nbd2 d5 13. Rfe1 Bg7 14. exd5 exd5 15. Nb3 Qd8 16. Nbd4 O-O 17. Bg5 f6 18. Bf4 g5 19. Bd2 Qd6 20. c4 g4 21. Nxc6 bxc6 22. Nd4 c5 23. Bf4 Qd8 24. Nc6 Nxc6 25. Qxd5+ Kh8 26. Qxd8 Nxd8 27. Bxa8 Bb7 28. Bxb7 Nxb7 29. Rad1 Na5 30. b3 Nc6 31. Bd6 Rc8 32. Kg2 Nd4 33. Bxc5 Nf3 34. Re6 h5 35. Rd5 Kh7 36. Rxa6 Re8 37. Be3 Kg6 38. Rd1 h4 39. h3 Kh5 40. Ra5+ Ne5 41. hxg4+ Kxg4 42. Rd4+ Kf5 43. f4 Bh6 44. Bf2 hxg3 45. Bxg3 Rg8 46. fxe5 Be3 47. e6+ 1-0

[Event "13th Arad Open 2020"]
[Site "Arad"]
[Date "2020.09.26"]
[Round "1.2"]
[White "Didiliuc, Dariana-Gabriela"]
[Black "Istratescu, Andrei"]
[Result "0-1"]
[ECO "E34"]
[WhiteElo "1880"]
[BlackElo "2551"]
[Annotator "ChessBase"]
[PlyCount "90"]
[EventDate "2020.09.25"]
[EventType "swiss"]
[EventCountry "ROU"]
[SourceTitle "playchess.com"]
[Source "ChessBase"]
[SourceQuality "1"]
[TimeControl "5400+30"]

1. d4 Nf6 2. c4 e6 3. Nc3 Bb4 4. Qc2 d5 5. cxd5 Qxd5 6. e3 c5 7. Bd2 Bxc3 8. Bxc3 cxd4 9. Bxd4 Nc6 10. Nf3 Nxd4 11. Nxd4 Bd7 12. Qb3 Qa5+ 13. Qc3 Qxc3+ 14. bxc3 Ne4 15. c4 Ke7 16. Bd3 Nc5 17. Be2 Rac8 18. O-O Rhd8 19. Rfc1 e5 20. Nb5 Bxb5 21. cxb5 Rd2 22. Bg4 Rc7 23. b6 axb6 24. a4 g6 25. a5 bxa5 26. Rxa5 b6 27. Rb5 f5 28. Bh3 Nd7 29. Rf1 Rc5 30. Rb4 b5 31. g4 fxg4 32. Bxg4 Nf6 33. Bf3 Ne8 34. Kg2 Nd6 35. Kg3 Rc4 36. Rb3 Rcc2 37. Bh1 h5 38. h3 Kf6 39. Ba8 e4 40. Rb4 Ke5 41. Rb3 Rc8 42. Ra1 Rf8 43. Ra6 g5 44. f4+ exf3 45. Rxd6 Rg2# 0-1

[Event "13th Arad Open 2020"]
[Site "Arad"]
[Date "2020.09.26"]
[Round "1.3"]
[White "Manolache, Marius"]
[Black "Panc, Samuel"]
[Result "1-0"]
[ECO "A80"]
[WhiteElo "2541"]
[BlackElo "1862"]
[Annotator "ChessBase"]
[PlyCount "35"]
[EventDate "2020.09.25"]
[EventType "swiss"]
[EventCountry "ROU"]
[SourceTitle "playchess.com"]
[Source "ChessBase"]
[SourceQuality "1"]
[TimeControl "5400+30"]

1. d4 f5 2. Nc3 g6 3. h4 Bg7 4. h5 Nh6 5. e4 d6 6. Nf3 fxe4 7. Nxe4 Bg4 8. Bd3 Nf5 9. Neg5 Qd7 10. d5 Bf6 11. hxg6 hxg6 12. Rxh8+ Bxh8 13. Qe2 c6 14. Qe4 Bxf3 15. Qxf3 e6 16. dxe6 Qe7 17. Bxf5 gxf5 18. Qh5+ 1-0

[Event "13th Arad Open 2020"]
[Site "Arad"]
[Date "2020.09.26"]
[Round "1.4"]
[White "Bartha, Andrei"]
[Black "Kozak, Adam"]
[Result "0-1"]
[ECO "B87"]
[WhiteElo "1856"]
[BlackElo "2503"]
[Annotator "ChessBase"]
[PlyCount "88"]
[EventDate "2020.09.25"]
[EventType "swiss"]
[EventCountry "ROU"]
[SourceTitle "playchess.com"]
[Source "ChessBase"]
[SourceQuality "1"]
[TimeControl "5400+30"]

1. e4 c5 2. Nf3 d6 3. d4 cxd4 4. Nxd4 Nf6 5. Nc3 a6 6. Bc4 e6 7. Bb3 b5 8. O-O Be7 9. f4 O-O 10. f5 e5 11. Nf3 Bb7 12. Re1 Nbd7 13. Bg5 Qb6+ 14. Be3 Qc7 15. Bg5 Rac8 16. Bxf6 Nxf6 17. a3 Qc5+ 18. Kf1 a5 19. Qd3 b4 20. axb4 axb4 21. Nd1 d5 22. exd5 e4 23. Rxe4 Nxe4 24. Qxe4 Bf6 25. Qe3 Bxd5 26. Qxc5 Rxc5 27. Bxd5 Rxd5 28. Ne3 Rc5 29. Ra4 Bxb2 30. Rxb4 Bc1 31. Nc4 Rxf5 32. Nce5 Ba3 33. Rb6 h5 34. Nc4 Bc5 35. Rb5 Re8 36. Ncd2 g5 37. Nb3 Ree5 38. Rxc5 Rxc5 39. Nxc5 Rxc5 40. Ne1 Kg7 41. Ke2 Kf6 42. Kd2 Kf5 43. Nd3 Rc8 44. h3 Ke4 0-1

[Event "13th Arad Open 2020"]
[Site "Arad"]
[Date "2020.09.26"]
[Round "1.5"]
[White "Filip, Lucian-Ioan"]
[Black "Balaban-Voia, Alexandru"]
[Result "1/2-1/2"]
[ECO "A05"]
[WhiteElo "2432"]
[BlackElo "1855"]
[Annotator "ChessBase"]
[PlyCount "37"]
[EventDate "2020.09.25"]
[EventType "swiss"]
[EventCountry "ROU"]
[SourceTitle "playchess.com"]
[Source "ChessBase"]
[SourceQuality "1"]
[TimeControl "5400+30"]

1. Nf3 Nf6 2. c4 b6 3. g3 Bb7 4. Bg2 g6 5. O-O Bg7 6. d4 O-O 7. Qc2 c5 8. d5 e6 9. e4 exd5 10. cxd5 d6 11. Nc3 Re8 12. Re1 Na6 13. Bf4 Nh5 14. Bg5 Qd7 15. h3 h6 16. Be3 b5 17. Rad1 Re7 18. g4 Nf6 19. Bf4 1/2-1/2

[Event "13th Arad Open 2020"]
[Site "Arad"]
[Date "2020.09.26"]
[Round "1.6"]
[White "Cretu, Sorin-Alexandru"]
[Black "Bogdan, Dan"]
[Result "1/2-1/2"]
[ECO "B27"]
[WhiteElo "1836"]
[BlackElo "2364"]
[Annotator "ChessBase"]
[PlyCount "59"]
[EventDate "2020.09.25"]
[EventType "swiss"]
[EventCountry "ROU"]
[SourceTitle "playchess.com"]
[Source "ChessBase"]
[SourceQuality "1"]
[TimeControl "5400+30"]

1. e4 c5 2. Nf3 g6 3. d4 cxd4 4. Nxd4 Nc6 5. Be3 Nf6 6. Nc3 Bg7 7. Be2 O-O 8. O-O d5 9. exd5 Nxd5 10. Nxc6 bxc6 11. Bd4 Nxc3 12. bxc3 Be6 13. Bf3 Qc7 14. Bxg7 Kxg7 15. Qe2 Qa5 16. Qe3 Rac8 17. Rfe1 Rfd8 18. g3 Rd6 19. Be4 Rcd8 20. Bd3 R8d7 21. Qe5+ Qxe5 22. Rxe5 Bd5 23. c4 f6 24. Re3 Bf7 25. f4 Rd4 26. Rae1 Kf8 27. Re4 f5 28. Rxd4 Rxd4 29. Rb1 Bxc4 30. Rb4 1/2-1/2

[Event "13th Arad Open 2020"]
[Site "Arad"]
[Date "2020.09.26"]
[Round "1.7"]
[White "Balla, Tamas-Kristof"]
[Black "Radu, David Cr."]
[Result "1-0"]
[ECO "A03"]
[WhiteElo "2356"]
[BlackElo "1814"]
[Annotator "ChessBase"]
[PlyCount "47"]
[EventDate "2020.09.25"]
[EventType "swiss"]
[EventCountry "ROU"]
[SourceTitle "playchess.com"]
[Source "ChessBase"]
[SourceQuality "1"]
[TimeControl "5400+30"]

1. f4 d5 2. Nf3 Nf6 3. b3 g6 4. Bb2 Bg7 5. e3 O-O 6. g3 c5 7. Bg2 Nc6 8. O-O Bf5 9. h3 h5 10. Ne5 Qc8 11. Kh2 Rd8 12. d3 h4 13. gxh4 Nh5 14. Nxc6 Qxc6 15. Bxg7 Kxg7 16. Nc3 e5 17. fxe5 Qc7 18. d4 f6 19. Rxf5 cxd4 20. Nb5 Qb8 21. Qg4 Kh6 22. Nxd4 fxe5 23. Rxh5+ gxh5 24. Nf5+ 1-0

[Event "13th Arad Open 2020"]
[Site "Arad"]
[Date "2020.09.26"]
[Round "1.8"]
[White "Mircov, Nicola-Alexandar"]
[Black "Talu, Mircea"]
[Result "0-1"]
[ECO "C54"]
[WhiteElo "1809"]
[BlackElo "2351"]
[Annotator "ChessBase"]
[PlyCount "46"]
[EventDate "2020.09.25"]
[EventType "swiss"]
[EventCountry "ROU"]
[SourceTitle "playchess.com"]
[Source "ChessBase"]
[SourceQuality "1"]
[TimeControl "5400+30"]

1. e4 e5 2. Nf3 Nc6 3. Bc4 Bc5 4. c3 Nf6 5. d4 exd4 6. cxd4 Bb4+ 7. Bd2 Bxd2+ 8. Nbxd2 d5 9. exd5 Nxd5 10. O-O O-O 11. Rc1 Nb6 12. Bb3 Bg4 13. h3 Bh5 14. Rc5 Bg6 15. d5 Ne7 16. Ne5 Nexd5 17. Nxg6 hxg6 18. Qf3 c6 19. Qg3 Qc7 20. Qd3 Rad8 21. Nf3 Rfe8 22. Re1 Rxe1+ 23. Nxe1 Qe7 0-1

[Event "13th Arad Open 2020"]
[Site "Arad"]
[Date "2020.09.26"]
[Round "1.9"]
[White "Patrascu, Catalin-Lucian"]
[Black "Sorbun, Cristinel"]
[Result "1-0"]
[ECO "B12"]
[WhiteElo "2320"]
[BlackElo "1806"]
[Annotator "ChessBase"]
[PlyCount "53"]
[EventDate "2020.09.25"]
[EventType "swiss"]
[EventCountry "ROU"]
[SourceTitle "playchess.com"]
[Source "ChessBase"]
[SourceQuality "1"]
[TimeControl "5400+30"]

1. e4 c6 2. d4 d6 3. Nf3 h6 4. c3 g5 5. Bc4 Bg7 6. Nbd2 Nd7 7. Nf1 Nf8 8. Ng3 Ng6 9. Nh5 Bf8 10. h3 e6 11. Qe2 Nf6 12. Nh2 Nxh5 13. Qxh5 Bg7 14. Be3 b5 15. Bd3 e5 16. Ng4 Bd7 17. Bc2 exd4 18. cxd4 Bxd4 19. Bxd4 Nf4 20. Nf6+ Qxf6 21. Bxf6 Nxh5 22. Bxh8 f6 23. Bd1 Ke7 24. Bxh5 Rxh8 25. O-O-O Be6 26. b3 a5 27. Kb2 1-0

[Event "13th Arad Open 2020"]
[Site "Arad"]
[Date "2020.09.26"]
[Round "1.10"]
[White "Mazilu, Stefan-Fabian"]
[Black "Ghimpu, Samuel-Timotei"]
[Result "0-1"]
[ECO "A87"]
[WhiteElo "1782"]
[BlackElo "2302"]
[Annotator "ChessBase"]
[PlyCount "56"]
[EventDate "2020.09.25"]
[EventType "swiss"]
[EventCountry "ROU"]
[SourceTitle "playchess.com"]
[Source "ChessBase"]
[SourceQuality "1"]
[TimeControl "5400+30"]

1. d4 g6 2. c4 f5 3. Nf3 Nf6 4. g3 Bg7 5. Bg2 O-O 6. O-O Ne4 7. Nc3 Nxc3 8. bxc3 d6 9. Qb3 Nc6 10. c5+ d5 11. Nd2 e6 12. a4 Kh8 13. e3 b6 14. Ba3 Rf7 15. Rfc1 Ba6 16. c4 Na5 17. Qa2 Nxc4 18. Nxc4 dxc4 19. Rd1 Rb8 20. cxb6 cxb6 21. Bb2 Rc8 22. Bc3 Bb7 23. Bxb7 Rxb7 24. Qe2 Qd5 25. f3 Rd7 26. a5 b5 27. e4 Qc6 28. d5 Qc5+ 0-1

[Event "13th Arad Open 2020"]
[Site "Arad"]
[Date "2020.09.26"]
[Round "2.1"]
[White "Paraschiv, Paul-Alexandru"]
[Black "Solodovnichenko, Yuri"]
[Result "0-1"]
[ECO "B96"]
[WhiteElo "2061"]
[BlackElo "2553"]
[Annotator "ChessBase"]
[PlyCount "70"]
[EventDate "2020.09.25"]
[EventType "swiss"]
[EventCountry "ROU"]
[SourceTitle "playchess.com"]
[Source "ChessBase"]
[SourceQuality "1"]
[TimeControl "5400+30"]

1. e4 c5 2. Nf3 d6 3. d4 Nf6 4. Nc3 cxd4 5. Nxd4 a6 6. Bg5 e6 7. f4 h6 8. Bh4 Qb6 9. Qd2 Nc6 10. O-O-O Nxd4 11. Qxd4 Qxd4 12. Rxd4 Be7 13. Bxf6 gxf6 14. f5 Bd7 15. Be2 h5 16. h4 Bf8 17. Kb1 Bc6 18. Rhd1 Rd8 19. Bf3 Ke7 20. Ne2 Bh6 21. R4d3 Rhg8 22. b3 b5 23. Rc3 Ba8 24. Nd4 Rc8 25. Rcd3 Bf4 26. Re1 Bg3 27. Rh1 b4 28. a3 a5 29. axb4 axb4 30. Kb2 Be5 31. Ra1 exf5 32. Ra7+ Kf8 33. Bxh5 Rxg2 34. Kb1 Bxe4 35. Bxf7 Bxd4 0-1

[Event "13th Arad Open 2020"]
[Site "Arad"]
[Date "2020.09.26"]
[Round "2.2"]
[White "Istratescu, Andrei"]
[Black "Craciun, Alexandru-Emilian"]
[Result "1-0"]
[ECO "E11"]
[WhiteElo "2551"]
[BlackElo "2090"]
[Annotator "ChessBase"]
[PlyCount "69"]
[EventDate "2020.09.25"]
[EventType "swiss"]
[EventCountry "ROU"]
[SourceTitle "playchess.com"]
[Source "ChessBase"]
[SourceQuality "1"]
[TimeControl "5400+30"]

1. d4 Nf6 2. c4 e6 3. Nf3 Bb4+ 4. Nbd2 O-O 5. a3 Bxd2+ 6. Qxd2 b6 7. e3 Bb7 8. Be2 a5 9. b3 d6 10. O-O Nbd7 11. Bb2 Ne4 12. Qc2 f5 13. Rad1 Qe7 14. Ne1 Rac8 15. f3 Nef6 16. Qd2 d5 17. Nd3 Nh5 18. Rc1 Qg5 19. c5 Ba6 20. Rc2 Bxd3 21. Bxd3 f4 22. Re1 fxe3 23. Qxe3 Qxe3+ 24. Rxe3 bxc5 25. dxc5 Rb8 26. c6 Ndf6 27. Rc5 Rb6 28. Bc3 a4 29. bxa4 Nf4 30. Bb5 d4 31. Bxd4 Rd8 32. Rc4 Rbb8 33. Bxf6 Rd1+ 34. Kf2 Rd2+ 35. Ke1 1-0

[Event "13th Arad Open 2020"]
[Site "Arad"]
[Date "2020.09.26"]
[Round "2.3"]
[White "Suciu, Dinu-Simi"]
[Black "Manolache, Marius"]
[Result "0-1"]
[ECO "A48"]
[WhiteElo "2050"]
[BlackElo "2541"]
[Annotator "ChessBase"]
[PlyCount "64"]
[EventDate "2020.09.25"]
[EventType "swiss"]
[EventCountry "ROU"]
[SourceTitle "playchess.com"]
[Source "ChessBase"]
[SourceQuality "1"]
[TimeControl "5400+30"]

1. d4 Nf6 2. Nf3 g6 3. e3 Bg7 4. Bd3 d6 5. O-O O-O 6. Nbd2 Nc6 7. c3 e5 8. Qc2 Qe7 9. Re1 a6 10. a4 Bg4 11. dxe5 dxe5 12. e4 Nh5 13. h3 Be6 14. Bc4 Nf4 15. Bxe6 fxe6 16. b3 Rf7 17. Ba3 Qf6 18. Bc5 g5 19. Nh2 h5 20. Ndf1 Kh8 21. Rad1 Rg8 22. Rd2 b6 23. Be3 Ne7 24. Rd7 Neg6 25. Rxf7 Qxf7 26. Bc1 Nh4 27. Ne3 Bf8 28. b4 g4 29. hxg4 hxg4 30. g3 Nf3+ 31. Nxf3 gxf3 32. Qd1 Qh5 0-1

[Event "13th Arad Open 2020"]
[Site "Arad"]
[Date "2020.09.26"]
[Round "2.4"]
[White "Kozak, Adam"]
[Black "Magold, Victor"]
[Result "1-0"]
[ECO "E15"]
[WhiteElo "2503"]
[BlackElo "2045"]
[Annotator "ChessBase"]
[PlyCount "112"]
[EventDate "2020.09.25"]
[EventType "swiss"]
[EventCountry "ROU"]
[SourceTitle "playchess.com"]
[Source "ChessBase"]
[SourceQuality "1"]
[TimeControl "5400+30"]

1. d4 Nf6 2. c4 e6 3. Nf3 b6 4. g3 Bb4+ 5. Bd2 Be7 6. Bg2 c6 7. O-O d5 8. b3 O-O 9. Qc2 Nbd7 10. Rd1 Ba6 11. Bf4 Rc8 12. Nbd2 Nh5 13. Be3 f5 14. Nf1 Qe8 15. a4 c5 16. dxc5 Bxc5 17. Bxc5 Nxc5 18. cxd5 exd5 19. Nd4 Ne4 20. Qb2 f4 21. Bh3 fxg3 22. fxg3 Nf2 23. Be6+ Kh8 24. Rdc1 Rc5 25. b4 Rc4 26. Rxc4 dxc4 27. Nd2 Bb7 28. N2f3 Ne4 29. Bxc4 Ng5 30. Qd2 Bxf3 31. exf3 Qc8 32. Qxg5 Qxc4 33. Rd1 Nf6 34. Nf5 g6 35. Rd8 Qf7 36. Nd6 Qe7 37. Rxf8+ Qxf8 38. Qe5 Kg8 39. b5 Nh5 40. Kg2 Qf6 41. Qe8+ Kg7 42. Qd7+ Kg8 43. Qc8+ Qf8 44. Qxf8+ Kxf8 45. Nc8 Nf6 46. Nxa7 Nd5 47. Nc6 Ke8 48. f4 Kd7 49. a5 bxa5 50. Nxa5 Kc7 51. Nc4 Nc3 52. b6+ Kc6 53. Kf3 Nd5 54. g4 Nf6 55. h4 Ng8 56. f5 Kd5 1-0

[Event "13th Arad Open 2020"]
[Site "Arad"]
[Date "2020.09.26"]
[Round "2.5"]
[White "Magold, Filip"]
[Black "Balla, Tamas-Kristof"]
[Result "1-0"]
[ECO "B29"]
[WhiteElo "2043"]
[BlackElo "2356"]
[Annotator "ChessBase"]
[PlyCount "77"]
[EventDate "2020.09.25"]
[EventType "swiss"]
[EventCountry "ROU"]
[SourceTitle "playchess.com"]
[Source "ChessBase"]
[SourceQuality "1"]
[TimeControl "5400+30"]

1. e4 c5 2. Nf3 Nf6 3. e5 Nd5 4. Nc3 Nxc3 5. bxc3 d5 6. d4 Nc6 7. Bd3 Bg4 8. Bb2 Qb6 9. Rb1 Qa5 10. O-O e6 11. h3 Bxf3 12. Qxf3 c4 13. Be2 Qxa2 14. Qe3 Be7 15. f4 g6 16. Qc1 Qa5 17. Ra1 Qc7 18. g4 O-O-O 19. Ba3 Rdf8 20. f5 gxf5 21. gxf5 Rfg8+ 22. Kh1 Bxa3 23. Qxa3 Rg3 24. fxe6 fxe6 25. Bg4 Re8 26. Rf8 Rxf8 27. Bxe6+ Kb8 28. Qxf8+ Qd8 29. Qf4 Rxc3 30. Rg1 Qe7 31. Qf6 Qb4 32. Bd7 Qa3 33. Qd6+ Qxd6 34. exd6 a5 35. Rg8+ Ka7 36. Bxc6 Rxh3+ 37. Kg2 Rh6 38. d7 Rd6 39. Ba4 1-0

[Event "13th Arad Open 2020"]
[Site "Arad"]
[Date "2020.09.26"]
[Round "2.6"]
[White "Talu, Mircea"]
[Black "Dobrin, Ionut-Alexandru"]
[Result "1/2-1/2"]
[ECO "E63"]
[WhiteElo "2351"]
[BlackElo "2040"]
[Annotator "ChessBase"]
[PlyCount "138"]
[EventDate "2020.09.25"]
[EventType "swiss"]
[EventCountry "ROU"]
[SourceTitle "playchess.com"]
[Source "ChessBase"]
[SourceQuality "1"]
[TimeControl "5400+30"]

1. d4 Nf6 2. c4 g6 3. g3 Bg7 4. Bg2 O-O 5. Nc3 d6 6. Nf3 Nc6 7. O-O a6 8. Bf4 Rb8 9. Rc1 h6 10. Qd3 Nh5 11. Bd2 e5 12. dxe5 dxe5 13. Ne1 Nd4 14. e3 Ne6 15. Qxd8 Rxd8 16. Rd1 b5 17. cxb5 axb5 18. Nd5 Bb7 19. Ba5 e4 20. Bxe4 Bxb2 21. Rd2 Nf6 22. Rxb2 Bxd5 23. Bd3 Bc6 24. Rc2 Bd5 25. a3 Ra8 26. Bxc7 Rd7 27. Be5 Ng4 28. Bb2 Ng5 29. e4 Bxe4 30. Bxe4 Nxe4 31. f3 Ne3 32. fxe4 Nxc2 33. Nxc2 Rd2 34. Rf2 Rad8 35. Nd4 R8xd4 36. Bxd4 Rxd4 37. Re2 Rd3 38. Rb2 Rxa3 39. Rxb5 Ra2 40. h3 Kf8 41. Rb3 Ke7 42. Rf3 Re2 43. Rf4 g5 44. Rf2 Rxe4 45. Kg2 h5 46. Rf5 f6 47. h4 Ke6 48. Ra5 Re5 49. Ra6+ Kf5 50. hxg5 fxg5 51. Ra4 Re4 52. Ra2 Re5 53. Ra4 Rd5 54. Ra2 Ke4 55. Re2+ Kd3 56. Re8 g4 57. Kf2 Rf5+ 58. Kg2 Kd4 59. Rd8+ Rd5 60. Re8 Re5 61. Rd8+ Ke3 62. Ra8 Rd5 63. Re8+ Kd2 64. Kf2 Rd3 65. Re5 Rf3+ 66. Kg2 Re3 67. Rd5+ Ke1 68. Rxh5 Re2+ 69. Kg1 Re3 1/2-1/2

[Event "13th Arad Open 2020"]
[Site "Arad"]
[Date "2020.09.26"]
[Round "2.7"]
[White "Prisacaru, Stefan-Emilian"]
[Black "Patrascu, Catalin-Lucian"]
[Result "0-1"]
[ECO "A45"]
[WhiteElo "2007"]
[BlackElo "2320"]
[Annotator "ChessBase"]
[PlyCount "90"]
[EventDate "2020.09.25"]
[EventType "swiss"]
[EventCountry "ROU"]
[SourceTitle "playchess.com"]
[Source "ChessBase"]
[SourceQuality "1"]
[TimeControl "5400+30"]

1. d4 Nf6 2. Nc3 d6 3. e4 Nbd7 4. f4 e5 5. dxe5 dxe5 6. fxe5 Nxe5 7. Qxd8+ Kxd8 8. Nf3 Bd6 9. Bg5 c6 10. O-O-O Kc7 11. Bf4 Nd3+ 12. Bxd3 Bxf4+ 13. Kb1 Ng4 14. Rde1 Ne5 15. Ne2 Nxf3 16. gxf3 Bd6 17. Ng3 Bh3 18. Bf1 Be6 19. e5 Be7 20. Bd3 g6 21. h4 h5 22. Ne4 Rad8 23. Nf6 Bxf6 24. exf6 Rd6 25. Re4 Bd7 26. Rf4 Rd8 27. b3 b5 28. Re1 Re6 29. Rc1 Bc8 30. Be4 Re5 31. c4 b4 32. Rg1 Be6 33. Rg5 Rxg5 34. hxg5 Rd1+ 35. Kb2 Rg1 36. Bxg6 Rxg5 37. Bd3 Rg2+ 38. Kb1 Rh2 39. c5 a5 40. Re4 Rf2 41. Rf4 h4 42. Rxh4 Rxf3 43. Bc2 Rxf6 44. Kb2 Rf2 45. Rh7 Rxc2+ 0-1

[Event "13th Arad Open 2020"]
[Site "Arad"]
[Date "2020.09.26"]
[Round "2.8"]
[White "Ghimpu, Samuel-Timotei"]
[Black "Oltean, Cristian-Daniel"]
[Result "1/2-1/2"]
[ECO "A80"]
[WhiteElo "2302"]
[BlackElo "2001"]
[Annotator "ChessBase"]
[PlyCount "34"]
[EventDate "2020.09.25"]
[EventType "swiss"]
[EventCountry "ROU"]
[SourceTitle "playchess.com"]
[Source "ChessBase"]
[SourceQuality "1"]
[TimeControl "5400+30"]

1. d4 f5 2. Nc3 d5 3. Bg5 h6 4. Bf4 Nf6 5. e3 e6 6. Nf3 Bd6 7. Ne5 O-O 8. Bd3 c6 9. g4 Nxg4 10. h3 Nxe5 11. dxe5 Be7 12. Rg1 Kh7 13. Qh5 g5 14. h4 Qe8 15. Qg4 h5 16. Qe2 gxf4 17. O-O-O Nd7 1/2-1/2

[Event "13th Arad Open 2020"]
[Site "Arad"]
[Date "2020.09.26"]
[Round "2.9"]
[White "Breitkopf, Francisc"]
[Black "Antonica, Dragos-Andrei"]
[Result "0-1"]
[ECO "A16"]
[WhiteElo "1984"]
[BlackElo "2301"]
[Annotator "ChessBase"]
[PlyCount "92"]
[EventDate "2020.09.25"]
[EventType "swiss"]
[EventCountry "ROU"]
[SourceTitle "playchess.com"]
[Source "ChessBase"]
[SourceQuality "1"]
[TimeControl "5400+30"]

1. c4 Nf6 2. Nc3 c6 3. d4 d5 4. cxd5 cxd5 5. Qb3 Nc6 6. Nf3 a6 7. Bg5 e6 8. e3 b5 9. Bd3 Be7 10. Rc1 Na5 11. Qc2 Bb7 12. O-O Rc8 13. Qb1 h6 14. Bxf6 Bxf6 15. b4 Nc4 16. a4 Qb6 17. axb5 axb5 18. Qb3 O-O 19. h3 Ra8 20. Ra1 Ra6 21. Rxa6 Qxa6 22. Rd1 Ra8 23. Ne5 Bxe5 24. dxe5 Qc6 25. Ne2 Ra3 26. Qb1 d4 27. e4 Rxd3 28. Qxd3 Nb2 29. Nxd4 Qd7 30. Qe2 Nxd1 31. Qxd1 Bxe4 32. Qd2 Qd5 33. f4 Bxg2 34. h4 Be4 35. Kf2 Qc4 36. Ke3 Bd5 37. Kf2 Kf8 38. Ke3 Qf1 39. Qf2 Qc1+ 40. Qd2 Qa3+ 41. Qd3 Qxb4 42. Qxb5 Qc3+ 43. Qd3 Qe1+ 44. Ne2 Qxh4 45. Qa3+ Kg8 46. Qd6 Qh3+ 0-1

[Event "13th Arad Open 2020"]
[Site "Arad"]
[Date "2020.09.26"]
[Round "2.10"]
[White "Ursan, Petru-Sebastian"]
[Black "Ambru, Dan-Calin"]
[Result "1-0"]
[ECO "E62"]
[WhiteElo "2248"]
[BlackElo "1985"]
[Annotator "ChessBase"]
[PlyCount "67"]
[EventDate "2020.09.25"]
[EventType "swiss"]
[EventCountry "ROU"]
[SourceTitle "playchess.com"]
[Source "ChessBase"]
[SourceQuality "1"]
[TimeControl "5400+30"]

1. c4 Nf6 2. Nf3 g6 3. g3 Bg7 4. d4 d6 5. Bg2 O-O 6. O-O Nc6 7. Nc3 e5 8. d5 Nb8 9. e4 a5 10. Ne1 Na6 11. Nd3 Nd7 12. Be3 f5 13. Qd2 b6 14. Rae1 Nf6 15. f4 Ng4 16. fxe5 Nxe5 17. Nxe5 Bxe5 18. Bd4 Re8 19. exf5 Bxd4+ 20. Qxd4 Rxe1 21. Rxe1 Bxf5 22. Ne4 Bxe4 23. Qxe4 Qd7 24. Qe7 Qg4 25. Rf1 Qd4+ 26. Kh1 Qg7 27. Qe6+ Kh8 28. Rf7 Qh6 29. Qe7 Nc5 30. Qxc7 Re8 31. Qxd6 Nd3 32. Rf1 Qe3 33. Qf6+ Kg8 34. d6 1-0

[Event "13th Arad Open 2020"]
[Site "Arad"]
[Date "2020.09.27"]
[Round "3.1"]
[White "Solodovnichenko, Yuri"]
[Black "Ursan, Petru-Sebastian"]
[Result "1-0"]
[ECO "A40"]
[WhiteElo "2553"]
[BlackElo "2248"]
[Annotator "ChessBase"]
[PlyCount "33"]
[EventDate "2020.09.25"]
[EventType "swiss"]
[EventCountry "ROU"]
[SourceTitle "playchess.com"]
[Source "ChessBase"]
[SourceQuality "1"]
[TimeControl "5400+30"]

1. d4 g6 2. e4 c5 3. dxc5 Bg7 4. Nc3 Qa5 5. Bd2 Qxc5 6. Nd5 Na6 7. Nf3 Bxb2 8. Rb1 Bg7 9. Bxa6 bxa6 10. O-O d6 11. Bb4 Qc6 12. Ba5 Bb7 13. Nc7+ Kd7 14. Nxa8 Bxa8 15. e5 Nh6 16. Qd4 Qc5 17. e6+ 1-0

[Event "13th Arad Open 2020"]
[Site "Arad"]
[Date "2020.09.27"]
[Round "3.2"]
[White "Daianu, Cristian-Clement"]
[Black "Istratescu, Andrei"]
[Result "0-1"]
[ECO "B90"]
[WhiteElo "2224"]
[BlackElo "2551"]
[Annotator "ChessBase"]
[PlyCount "82"]
[EventDate "2020.09.25"]
[EventType "swiss"]
[EventCountry "ROU"]
[SourceTitle "playchess.com"]
[Source "ChessBase"]
[SourceQuality "1"]
[TimeControl "5400+30"]

1. e4 c5 2. Nf3 d6 3. d4 cxd4 4. Nxd4 Nf6 5. Nc3 a6 6. h3 e6 7. g4 h6 8. Bg2 g5 9. Be3 Nbd7 10. Qe2 Qc7 11. O-O-O Be7 12. h4 Rg8 13. hxg5 hxg5 14. f4 gxf4 15. Bxf4 Ne5 16. g5 Nfd7 17. Kb1 Ng6 18. Bc1 Nde5 19. Qf2 Bd7 20. Nce2 O-O-O 21. Rh3 Rg7 22. Rc3 Nc6 23. Nxc6 Bxc6 24. Be3 Rdg8 25. Bb6 Qd7 26. Bd4 Rh7 27. Rh1 Rxh1+ 28. Bxh1 Bxg5 29. e5 d5 30. a3 Bd8 31. Bf3 Bc7 32. Bh5 Nxe5 33. Bxe5 Bxe5 34. Qxf7 Rg5 35. Re3 Qxf7 36. Bxf7 Kd7 37. Rh3 Rg7 38. Bh5 Kd6 39. Bf3 Be8 40. c3 Bg6+ 41. Kc1 Rh7 0-1

[Event "13th Arad Open 2020"]
[Site "Arad"]
[Date "2020.09.27"]
[Round "3.3"]
[White "Manolache, Marius"]
[Black "Pisu, Robert-Daniel"]
[Result "1-0"]
[ECO "A48"]
[WhiteElo "2541"]
[BlackElo "2223"]
[Annotator "ChessBase"]
[PlyCount "57"]
[EventDate "2020.09.25"]
[EventType "swiss"]
[EventCountry "ROU"]
[SourceTitle "playchess.com"]
[Source "ChessBase"]
[SourceQuality "1"]
[TimeControl "5400+30"]

1. d4 Nf6 2. Nf3 g6 3. c3 Bg7 4. Bg5 d5 5. Nbd2 Nbd7 6. h3 c5 7. e3 O-O 8. Be2 b6 9. O-O Bb7 10. a4 Ne4 11. Nxe4 dxe4 12. Nd2 h6 13. Bh4 cxd4 14. cxd4 g5 15. Bg3 e5 16. Nc4 exd4 17. exd4 f5 18. Qb3 Bd5 19. Qb5 Nf6 20. Be5 Be6 21. a5 Qd7 22. Nd6 Rfd8 23. axb6 Qxb5 24. Nxb5 axb6 25. Rxa8 Rxa8 26. Nc7 Bd5 27. Nxa8 Bxa8 28. Bc4+ Kh7 29. Ra1 1-0